 Dungeon Crawl Stone Soup version 0.25.1-2-g60ff931df9 (webtiles) character file.

Game seed: 4847568912858676987

28 Colgate the Bolt Thrower (level 3, -6/27 HPs)
             Began as a Formicid Hunter on Sept 5, 2020.
             Shot with an arrow by a centaur (11 damage)
             ... on level 6 of the Dungeon.
             The game lasted 00:06:47 (1246 turns).

Colgate the Bolt Thrower (Formicid Hunter)          Turns: 1246, Time: 00:06:48

Health: -6/27      AC:  3    Str: 16    XL:     3   Next: 30%
Magic:  3/3        EV: 12    Int: 10    God:
Gold:   53         SH:  0    Dex: 12    Spells: 2/2 levels left

rFire    . . .     SeeInvis +   a - +1 hand crossbow
rCold    . . .     Gourm    .   (no shield)
rNeg     . . .     Faith    .   c - +0 leather armour
rPois    .         Spirit   .   (helmet unavailable)
rElec    .         Reflect  .   (no cloak)
rCorr    .         Harm     .   (no gloves)
MR       .....                  (no boots)
Stlth    +.........             (no amulet)
HPRegen  0.09/turn              (no ring)
MPRegen  0.08/turn              (no ring)

@: no status effects
A: permanent stasis, dig shafts and tunnels, four strong arms, antennae 3
a: Dig, Shaft Self


You were on level 6 of the Dungeon.
You were not hungry.

You visited 1 branch of the dungeon, and saw 4 of its levels.

You collected 53 gold pieces.

Inventory:

Hand Weapons
 a - a +1 hand crossbow (weapon)
 b - a +0 mace
 g - a +0 short sword
 n - a +0 hunting sling
Missiles
 d - 8 bolts (quivered)
 l - 6 stones
Armour
 c - a +0 leather armour (worn)
Scrolls
 e - a scroll of amnesia {unknown}
 h - a scroll of blinking {unknown}
 i - a scroll of immolation {unknown}
 p - a scroll of identify {unknown}
 q - a scroll of remove curse {unknown}
Potions
 j - a potion of stabbing {unknown}
 m - a potion of haste {unknown}
 o - 2 potions of brilliance {unknown}
Comestibles
 f - 3 rations


   Skills:
 - Level 2.1 Fighting
 + Level 5.0 Crossbows
 - Level 1.7 Dodging
 - Level 1.2 Stealth


You had 2 spell levels left.
You didn't know any spells.
Your spell library was empty.

Dungeon Overview and Level Annotations

Branches:
Dungeon (2/15)

Altars:


Innate Abilities, Weirdness & Mutations

You cannot be hasted, slowed, berserked, paralysed or teleported.
You can dig through walls and to a lower floor.
Your four strong arms can wield two-handed weapons with a shield.
You have a pair of large antennae on your head. (SInv)


Message History

a - a +1 hand crossbow (weapon)
Eating a chunk of flesh.
You eat the chunk of flesh.
This raw flesh tastes terrible.
A centaur comes into view.
Firing (i - inventory. (/) - cycle)
d - 10 bolts (quivered)
Press: ? - help, Shift-Dir - straight line, f - centaur
Aim: a centaur, wearing a +0 robe and quivering 23 arrows (wandering, hasn't noticed you)
You shoot a bolt. The bolt completely misses the centaur.
The centaur shouts!
The centaur wields a +0 shortbow.
The centaur shoots an arrow.
The arrow hits you!
* * * LOW HITPOINT WARNING * * *
You are too injured to fight recklessly!
Firing (i - inventory. (/) - cycle)
d - 9 bolts (quivered)
Press: ? - help, Shift-Dir - straight line, f/p - centaur
Aim: a centaur, wielding a +0 shortbow, wearing a +0 robe and quivering 22 arrows You shoot a bolt.
The bolt hits the centaur!
The centaur is heavily wounded.
The centaur shoots an arrow.
The arrow hits you!
You die...

###########
.......@..#
..c...........#
#########......
######


You could see a centaur.

Vanquished Creatures
  A gnoll (D:2)
  A dart slug (D:1)
  4 bats (D:1)
  2 giant cockroaches (D:1)
  3 kobolds (D:1)
  A quokka (D:2)
  3 frilled lizards
  3 rats (D:1)
18 creatures vanquished.

Notes
Turn   | Place    | Note
-------+----------+-------------------------------------------
     0 | D:1      | Colgate the Formicid Hunter began the quest for the Orb.
     0 | D:1      | Reached XP level 1. HP: 16/16 MP: 1/1
   177 | D:1      | Reached XP level 2. HP: 20/22 MP: 2/2
  1141 | D:2      | Reached skill level 5 in Crossbows
  1141 | D:2      | Reached XP level 3. HP: 27/27 MP: 3/3
  1156 | D:2      | You fall into a shaft and drop 2 floors!
  1156 | D:4      | Noticed a centaur
  1159 | D:4      | You fall into a shaft and drop 2 floors!
  1244 | D:6      | Noticed a centaur
  1246 | D:6      | Shot with an arrow by a centaur

Illustrated notes

Levels and vault maps discovered:
D:1:      nzn_arrival_crosshair, layout_basic
D:2:      layout_basic, lemuel_round_altar, minmay_circle_x
D:4:      wad_lake_hut, layout_loops_ring, kennysheep_another_room,
          uniq_natasha, uniq_menkaure
D:6:      layout_loops_ring, eat_drink_and_be_merry_uskayaw, uniq_duvessa

Skill      XL: |  1  2 |
---------------+-------+-----
Crossbows      | 5 |  5.0
Fighting       | |  2.1
Dodging        | |  1.7
Stealth        | |  1.2

Action                   || total
-------------------------++-------
Melee: Mace              ||    16
 Fire: Hand crossbow     ||    32
Throw: Stone             ||     1
 Abil: Shaft Self        ||     2
  Eat: Chunk             ||     2
Armor: Leather armour    ||     6
Dodge: Dodged            ||    24
